 Dungeon Crawl Stone Soup version 0.29-a0-911-g88e6f02907 (webtiles) character file.

Game seed: 3762181928130386458

55 Mysterykhorne the Magician (level 3, -6/31 HPs)
             Began as a Troll Hedge Wizard on July 25, 2022.
             Mangled by an iguana (11 damage)
             ... on level 3 of the Dungeon.
             The game lasted 00:14:18 (686 turns).

Mysterykhorne the Magician (Troll Hedge Wizard)      Turns: 686, Time: 00:14:19

Health: -6/31      AC:  4    Str: 18    XL:     3   Next: 67%
Magic:  5/5        EV: 10    Int: 12    God:
Gold:   65         SH:  0    Dex:  9    Spells: 3/6 levels left

rFire   . . .      SeeInvis .     - Unarmed
rCold   . . .      Faith    .   (no shield)
rNeg    . . .      Spirit   .   b - +0 robe
rPois   .          Reflect  .   c - +0 hat
rElec   .          Harm     .   (no cloak)
rCorr   .          Rampage  .   (gloves unavailable)
Will    .....                   (boots unavailable)
Stlth   +.........              (no amulet)
HPRegen 0.90/turn               (no ring)
MPRegen 0.09/turn               (no ring)

@: no status effects
A: large, unfitting armour, claws 3, regeneration 1, shaggy fur 1, tough skin 1
a: no special abilities


You were on level 3 of the Dungeon.
You visited 1 branch of the dungeon, and saw 3 of its levels.

You collected 65 gold pieces.

Inventory:

Armour
 b - a +0 robe (worn)
 c - a +0 hat (worn)
 e - a +0 leather armour
Scrolls
 f - 2 scrolls of identify {unknown}
 h - 2 scrolls of brand weapon {unknown}
 i - a scroll of teleportation {unknown}
 j - a scroll of fog {unknown}
 k - a scroll of enchant weapon {unknown}
 l - a scroll of poison {unknown}
 m - a scroll of magic mapping {unknown}
Potions
 a - a potion of heal wounds {unknown}
 d - a potion of magic
 g - a potion of resistance {unknown}


   Skills:
 + Level 1.1 Short Blades
 + Level 2.0 Dodging
 + Level 1.2 Stealth
 + Level 1.7 Unarmed Combat
 + Level 2.1 Spellcasting
 + Level 0.6 Conjurations
 + Level 0.6 Summonings
 + Level 0.6 Translocations


You had 3 spell levels left.
You knew the following spells:

 Your Spells              Type           Power      Damage    Failure   Level
a - Magic Dart            Conj           8%         1d3       21%         1
b - Call Imp              Summ           2%         N/A       32%         2

Your spell library contained the following spells:

 Spells                   Type           Power      Damage    Failure   Level
 Slow                     Hex            4%         N/A       26%         1
 Blink                    Tloc           4%         N/A       32%         2
 Conjure Flame            Conj/Fire      2%         6-21      56%         3
 Mephitic Cloud           Conj/Pois/Air  1%         N/A       58%         3
 Leda's Liquefaction      Hex/Erth       0%         N/A       95%         4
 Lee's Rapid Deconstruct  Erth           0%         3d5*      100%        5
 Statue Form              Tmut/Erth      0%         N/A       100%        6


Dungeon Overview and Level Annotations

Branches:
Dungeon (3/15)

Altars:
Okawaru

Shops:
D:2 (


Innate Abilities, Weirdness & Mutations

You are too large for most types of armour.
You have claws for hands.
Your natural rate of healing is unusually fast.
You are covered in fur. (AC +1)
You have tough skin. (AC +1)


Message History

You barely miss the hobgoblin.
The hobgoblin is lightly wounded.
The hobgoblin hits you. The kobold barely misses you.
An adder comes into view.
You closely miss the hobgoblin.
The hobgoblin is lightly wounded.
The adder hisses angrily.
The hobgoblin misses you. The kobold closely misses you.
You scratch the hobgoblin.
The hobgoblin is severely wounded.
The hobgoblin hits you. The kobold hits you but does no damage.
You barely miss the hobgoblin.
The hobgoblin is severely wounded.
The hobgoblin hits you but does no damage.
The kobold hits you with a +0 club.
You scratch the hobgoblin.
You kill the hobgoblin!
The kobold hits you with a +0 club.
You barely miss the iguana. The iguana closely misses you.
The kobold closely misses you.
You scratch the iguana.
The iguana is lightly wounded.
The iguana barely misses you. The kobold hits you with a +0 club.
You scratch the iguana but do no damage.
The iguana is lightly wounded.
The iguana bites you!
* * * LOW HITPOINT WARNING * * *
The kobold hits you but does no damage.
You scratch the iguana.
The iguana is heavily wounded.
The iguana barely misses you. The kobold hits you with a +0 club.
* * * LOW HITPOINT WARNING * * *
You scratch the iguana but do no damage.
The iguana is heavily wounded.
The iguana completely misses you. The kobold hits you with a +0 club.
* * * LOW HITPOINT WARNING * * *
You barely miss the iguana.
The iguana is heavily wounded.
The iguana bites you!
You die... #. #.# .. #..#.# #?. #..... .... ..#.# #.#.# ..l..... .g#o.# #lKo#

#@# #.# #.# #.# #.#
### #.# #.. #.# #.#
####### # #.# #.#
#......
##.#.####.######...#.


You could see an iguana, a gnoll, 2 orcs, a kobold and a frilled lizard.

Vanquished Creatures
  An adder (D:3)
  A dart slug (D:1)
  5 ball pythons (D:1)
  5 endoplasms
  2 goblins
  5 hobgoblins
  7 jackals
  A quokka (D:1)
  5 bats
  A frilled lizard (D:1)
  2 kobolds
  A rat (D:1)
36 creatures vanquished.

Vanquished Creatures (others)
  6 fungi (D:2)
  3 plants (D:2)
9 creatures vanquished.

Grand Total: 45 creatures vanquished

Notes
Turn   | Place    | Note
-------+----------+-------------------------------------------
     0 | D:1      | Mysterykhorne the Troll Hedge Wizard began the quest for
                  | the Orb.
     0 | D:1      | Reached XP level 1. HP: 16/16 MP: 2/2
   204 | D:1      | Reached XP level 2. HP: 18/24 MP: 4/4
   271 | D:1      | Reached skill level 1 in Short Blades
   333 | D:1      | Learned a level 2 spell: Call Imp
   482 | D:2      | Found Sost's Antique Weapon Boutique.
   494 | D:2      | Reached XP level 3. HP: 26/31 MP: 5/5
   569 | D:2      | Reached skill level 1 in Unarmed Combat
   622 | D:3      | Found an iron altar of Okawaru.
   686 | D:3      | Mangled by an iguana

Illustrated notes

Levels and vault maps discovered:
D:1:      dpeg_arrival_water_temple_mockup, layout_rooms,
          hangedman_decor_clover_reticule, minmay_vboxes
D:2:      minmay_recursive_quarters, layout_loops_cross, serial_shops, shop,
          dreamdust_ecumenical_altar_hidden_monk_grotto
D:3:      layout_loops_ring, lemuel_coloured_pillars_altar,
          nicolae_overflow_ecumenical_swirl, serial_shops, nicolae_square_shop,
          minmay_surrounded

Skill      XL: |  1  2  3 |
---------------+----------+-----
Short Blades   | 1 |  1.1
Unarmed Combat | 1 |  1.7
Dodging        | 2 |  2.0
Stealth        | |  1.2
Spellcasting   | |  2.1
Conjurations   | |  0.6
Summonings     | |  0.6
Translocations | |  0.6

Action                   || total
-------------------------++-------
Melee: Dagger            ||    17
       Unarmed           ||   103
       Punch             ||     2
 Cast: Magic Dart        ||     1
       Call Imp          ||     1
 Stab: Sleeping          ||     1
Armor: Robe              ||    63
Dodge: Dodged            ||    95

Table legend: (Time is in decaauts)
 A = Elapsed time spent in this place.
 B = Non-inter-level travel time spent in this place.
 C = Inter-level travel time spent in this place.
 D = Time resting spent in this place.
 E = Time spent auto-exploring this place.
 F = Levels seen in this place.
 G = Mean time per level.
                   A        B        C        D        E       F      G
               +--------+--------+--------+--------+--------+-----+--------+
         Total |    684 |    261 |    423 |      0 |      0 |   3 |  228.0 |
       Dungeon |    684 |    261 |    423 |      0 |      0 |   3 |  228.0 |
               +--------+--------+--------+--------+--------+-----+--------+

Top non-repeatable levels by time:
     D:1: 437 daAuts
     D:2: 183 daAuts
     D:3: 63 daAuts
